 Dungeon Crawl Stone Soup version 0.28.0 (webtiles) character file.

Game seed: 16002258081762413864

343 pkoi the Chiller (level 6, -8/45 HPs)
             Began as a Draconian Ice Elementalist on Feb 15, 2022.
             Killed by nerve-wracking pain
             ... invoked by Grinder
              (12 damage)
             ... on level 4 of the Dungeon.
             The game lasted 00:06:04 (4421 turns).

pkoi the Chiller (Draconian Ice Elementalist)       Turns: 4421, Time: 00:06:05

Health: -8/45      AC:  7    Str: 12    XL:     6   Next: 31%
Magic:  1/9        EV: 12    Int: 17    God:
Gold:   160        SH:  0    Dex: 12    Spells: 5/9 levels left

rFire   . . .      SeeInvis .   i - +2 dagger (speed)
rCold   . . .      Faith    .   (no shield)
rNeg    . . .      Spirit   .   (armour unavailable)
rPois   .          Reflect  .   (helmet restricted)
rElec   .          Harm     .   (no cloak)
rCorr   .          Rampage  .   l - +0 pair of gloves
Will    .....                   (no boots)
Stlth   ++........              (no amulet)
HPRegen 0.15/turn               (no ring)
MPRegen 0.11/turn               (no ring)

@: freezing walls
A: AC +6, unfitting armour, cold-blooded, antennae 1, mutation resistance 1,
strong 1
a: no special abilities


You were on level 4 of the Dungeon.
You visited 1 branch of the dungeon, and saw 4 of its levels.

You collected 160 gold pieces.

Inventory:

Hand Weapons
 a - a +4 dagger
 b - a +0 dagger
 i - a +2 dagger of speed (weapon)
 j - a +0 dagger of venom
Missiles
 d - 2 throwing nets
Armour
 l - a +0 pair of gloves (worn)
Magical Staves
 f - a staff of conjuration
Jewellery
 g - a ring of ice
Wands
 c - a wand of flame (18)
Scrolls
 h - a scroll of blinking
 k - a scroll of fog {unknown}
Potions
 e - a potion of cancellation


   Skills:
 - Level 1.7 Dodging
 - Level 1.7 Stealth
 - Level 2.0 Spellcasting
 - Level 2.3 Conjurations
 + Level 6.3 Ice Magic
 + Level 3.1 Evocations


You had 5 spell levels left.
You knew the following spells:

 Your Spells              Type           Power      Damage    Failure   Level
a - Freeze                Ice            92%        1d10      1%          1
b - Frozen Ramparts       Ice            46%        1d6       4%          3

Your spell library contained the following spells:

 Spells                   Type           Power      Damage    Failure   Level
 Ozocubu's Armour         Ice            23%        N/A       4%          3
 Hailstorm                Conj/Ice       16%        3d6       32%         4
 Spider Form              Tmut/Pois      1%         N/A       50%         3
 Irradiate                Conj/Tmut      2%         3d14      97%         5
 Statue Form              Tmut/Erth      0%         N/A       100%        6


Dungeon Overview and Level Annotations

Branches:
Dungeon (4/15)
 Temple: D:4-7

Altars:

Annotations:
D:4 Grinder


Innate Abilities, Weirdness & Mutations

Your plain brown scales are hard. (AC +6)
You cannot fit into any form of body armour.
You are cold-blooded and may be slowed by cold attacks.
You have a pair of small antennae on your head.
You are somewhat resistant to further mutation.
Your muscles are strong. (Str +2)


Message History

Grinder is severely wounded.
The frozen ramparts melt away.
Grinder hits you.
* * * LOW HITPOINT WARNING * * *
You writhe in agony.
* * * LOW HITPOINT WARNING * * *
Unknown command.
Casting: Frozen Ramparts (dangerous; 4% risk of failure)
Confirm with . or Enter, or press ? or * to list all spells.
Casting: Frozen Ramparts (dangerous; 4% risk of failure)
Press: ? - help, Dir - look around, f - activate The walls around you are covered in ice.
Grinder resists.
The wall freezes Grinder.
Grinder misses you.
Unknown command.
Aiming: Freeze (safe; 1% risk of failure)
Press: ? - help, Q - select action, (/) - cycle Shift-Dir - straight line, f - Grinder
Aim: Grinder (severely wounded)
You freeze Grinder.
Grinder resists.
Grinder is severely wounded.
Grinder completely resists.
The wall freezes Grinder but does no damage.
Grinder hits you.
* * * LOW HITPOINT WARNING * * *
You writhe in agony.
* * * LOW HITPOINT WARNING * * *
Unknown command.
Your hands tingle!
i - a +2 dagger of speed (weapon)
Grinder completely resists.
The wall freezes Grinder but does no damage.
Grinder closely misses you.
You hit Grinder.
Grinder is severely wounded.
You hit Grinder but do no damage. You tail-slap Grinder.
Your punch misses Grinder.
Grinder is severely wounded.
Grinder completely resists.
The wall freezes Grinder but does no damage.
Grinder gestures at you. Pain shoots through your body!
You die...

#....§##..#...... .....
#......### ##?# #......#
# #.....>### #
#.##......
#.#.###.##...#.#
#........##.##.#
#.....5.......##.
...####@#..$[....≈
#.#≈≈#.#...≈.....
#.##≈##.≈≈≈≈...≈.
#.?#≈≈≈≈≈)≈≈≈≈≈.≈ .
#####..##≈≈≈≈≈≈≈≈≈≈≈≈
..##......####.≈..≈≈≈...
.... ....###...≈≈......
#..##.###....######..
#...<..†..#..# #


You could see Grinder.

Vanquished Creatures
  A scorpion (D:4)
  Terence (D:2)
  Natasha (twice) (D:2)
  An orc wizard (D:4)
  Robin (D:2)
  7 adders
  An adder skeleton (D:2)
  A worm (D:3)
  3 dart slugs (D:1)
  2 orcs (D:4)
  4 ball pythons (D:1)
  6 bats
  7 endoplasms
  4 giant cockroaches
  20 goblins
  8 hobgoblins
  3 jackals (D:4)
  5 kobolds
  4 quokkas
  2 frilled lizards
  7 rats
90 creatures vanquished.

Notes
Turn   | Place    | Note
-------+----------+-------------------------------------------
     0 | D:1      | pkoi the Draconian Ice Elementalist began the quest for the
                  | Orb.
     0 | D:1      | Reached XP level 1. HP: 14/14 MP: 3/3
   109 | D:1      | Reached XP level 2. HP: 14/20 MP: 0/5
   376 | D:1      | Gained mutation: You are somewhat resistant to further
                  | mutation. [potion of mutation]
   376 | D:1      | Gained mutation: You have a pair of small antennae on your
                  | head. [potion of mutation]
   376 | D:1      | Gained mutation: Your muscles are strong. (Str +2) [potion
                  | of mutation]
   704 | D:1      | Found a faded altar of an unknown god.
   727 | D:1      | Reached skill level 5 in Ice Magic
   740 | D:1      | Reached XP level 3. HP: 19/26 MP: 2/6
   972 | D:1      | Got the Compendium of Vitriolic Changing
  1263 | D:2      | Learned a level 3 spell: Frozen Ramparts
  1702 | D:2      | Noticed Robin
  1707 | D:2      | Noticed Terence
  1709 | D:2      | Killed Robin
  1710 | D:2      | Reached skill level 1 in Evocations
  1710 | D:2      | Reached XP level 4. HP: 29/33 MP: 3/7
  1712 | D:2      | Reached skill level 1 in Conjurations
  1720 | D:2      | Killed Terence
  2024 | D:2      | Reached XP level 5. HP: 29/38 MP: 2/8
  2117 | D:2      | Noticed Natasha
  2124 | D:2      | Killed Natasha
  2484 | D:2      | Noticed Natasha
  2498 | D:2      | Killed Natasha
  3552 | D:3      | Noticed an ice beast
  3577 | D:3      | Reached skill level 6 in Ice Magic
  3993 | D:4      | Reached XP level 6. HP: 45/45 MP: 5/9
  4004 | D:4      | Noticed Grinder
  4013 | D:4      | Paralysed by Grinder for 5 turns
  4421 | D:4      | Killed from afar by Grinder

Illustrated notes

Levels and vault maps discovered:
D:1:      dpeg_arrival_rooms_c, layout_rooms, ebering_ecumenical_altar_box
D:2:      layout_basic, uniq_robin, uniq_terence, uniq_natasha
D:3:      layout_loops_corners
D:4:      layout_loops_ring, chequers_serial_rivers_small_3,
          uniq_crazy_yiuf_cottage, uniq_grinder, uniq_eustachio

Skill      XL: |  1  2  3  4  5  6 |
---------------+-------------------+-----
Ice Magic      | 5 6 |  6.3
Evocations     | 1 2 3 |  3.1
Conjurations   | 1 2 |  2.3
Dodging        | |  1.7
Stealth        | |  1.7
Spellcasting   | |  2.0

Action                   |  1- 3 |  4- 6 || total
-------------------------+-------+-------++-------
Melee: Dagger            |    31 |     2 ||    33
       Tailslap          |     5 |    15 ||    20
       Staff             |     8 |    77 ||    85
       Punch             |     1 |     1 ||     2
 Cast: Freeze            |    48 |    36 ||    84
       Frozen Ramparts   |     1 |    11 ||    12
  Use: Potion            |     3 |     1 ||     4
       Scroll            |       |     3 ||     3
Armor: Skin              |    16 |    35 ||    51
Dodge: Dodged            |    56 |    68 ||   124
